Unix NetHack Version 5.0.0-0 post-release - last build May 10 2026 23:12:36 (d1fa5d53e341ca933230fdaa984d921c805b60aa,branch:main).

Game began 2026-05-16 04:43:16, ended 2026-05-16 04:53:54.

ArrBianca, lawful female human Valkyrie

                 ----------
                 |........|
                 |.....%..-#########
                 |<.......|   ######
                 .........|#### #  |
               ##------.---#    #  ..
               ########## #######  ...
               #                    .--
   ---------   #                    .|
   |.......|   #                    C|
   |.......|####                    .|
   |.......-#                        -
   |.......|###                                           ----------
   |.......|#####################                     ####-......N.|
   |.......|  ######            #             #      ##   |......N@|
   ---------                   #######################    |........|
                                                          ----------

ArrBianca the Skirmisher    St:15 Dx:14 Co:18 In:7 Wi:10 Ch:10  Lawful
Dlvl:5  $:41 HP:0(42) Pw:7(9) AC:6  Xp:4 T:1675  Burdened

Latest messages:
 You kill the giant ant!
 The giant ant bites!
 You miss the giant ant.
 The giant ant bites!
 The giant ant bites!
 You hit the giant ant.
 The giant ant bites!
 The giant ant bites!
 You miss the giant ant.
 The giant ant bites!
 You kill the giant ant!
 You hear the splashing of a naiad.
 You fail to cast the spell correctly.
 In what direction? .
 You feel better.
 You find a hidden door.
 The door opens.
 B - a milky potion.
 #.: unknown extended command.
 You hit the gas spore!
 You miss the gas spore.
 You kill the gas spore!
 Boom!
 You are caught in the gas spore's explosion!
 You miss the black naga hatchling.
 The black naga hatchling bites!
 You miss the black naga hatchling.
 The black naga hatchling misses!
 You miss the black naga hatchling.
 The black naga hatchling bites!
 You hit the black naga hatchling!
 The black naga hatchling bites!
 You miss the black naga hatchling.
 The black naga hatchling bites!
 The golden naga hatchling bites!
 In what direction? .
 You are suddenly moving much faster.
 A bear trap closes on your foot!
 Your movements are slowed slightly because of your load.
 The golden naga hatchling bites!
 The black naga hatchling bites!
 The golden naga hatchling just misses!
 What do you want to read? [iqxy or ?*] y
 As you read the scroll, it disappears.
 You identify this as an identify scroll.
 The black naga hatchling bites!
 You die...
 Do you want an account of creatures vanquished? [ynaq] (y) y
 Do you want to see your conduct and achievements? [ynq] (n) n
 Do you want to see the dungeon overview? [ynq] (y) y

Inventory:
 Coins    ('$')
  $ - 41 gold pieces
 Amulets  ('"')
  v - an uncursed amulet versus poison
 Weapons  (')')
  t - a +0 sling (alternate weapon; not wielded)
  b - a +0 dagger
  a - a +1 spear (weapon in right hand)
  l - a cursed +0 trident
  j - a cursed +0 bardiche
 Armor    ('[')
  e - a cursed -1 orcish helm
  c - an uncursed +3 small shield (being worn)
  f - an uncursed +0 chain mail
 Comestibles  ('%')
  d - 3 uncursed food rations
  p - a cursed egg
 Scrolls  ('?')
  q - an uncursed scroll of enchant armor
  x - an uncursed scroll of scare monster
 Spellbooks  ('+')
  i - an uncursed spellbook of healing
 Potions  ('!')
  h - an uncursed potion of confusion
  g - 2 uncursed potions of fruit juice
  B - a blessed potion of gain energy
  z - an uncursed potion of gain energy
  n - an uncursed potion of healing
  o - an uncursed potion of restore ability
  u - an uncursed potion of water
 Wands    ('/')
  k - a wand of light (0:13)
  s - a wand of speed monster (0:6)
 Tools    ('(')
  w - an uncursed skeleton key

ArrBianca the Valkyrie's attributes:

Background:
 You were a Skirmisher, a level 4 human Valkyrie.
 You were lawful, on a mission for Tyr
 who was opposed by Odin (neutral) and Loki (chaotic).
 You were right-handed.
 You were in the Dungeons of Doom, on level 5.
 You entered the dungeon 1675 turns ago.
 It was nighttime.
 There was a new moon in effect when your adventure ended.
 You had 123 experience points, 37 more were needed to attain level 5.

Basics:
 You had 0 out of 42 hit points.
 You had 7 out of 9 energy points (spell power).
 Your armor class was 6.
 Your wallet contained 41 zorkmids.
 Autopickup was on for '$?!/="+%' plus thrown, with exceptions.

Final Characteristics:
 Your strength was 15 (limit:18/100).
 Your dexterity was 14 (base:15, limit:18).
 Your constitution was 18 (limit:18).
 Your intelligence was 7 (limit:18).
 Your wisdom was 10 (limit:18).
 Your charisma was 10 (limit:18).

Final Status:
 You were trapped in a bear trap.
 You had a wounded left leg.
 You weren't hungry.
 You were burdened; movement was slightly slowed.
 You were wielding a spear.
 You had basic skill with spear.

Final Attributes:
 You were devoutly aligned.
 You were cold resistant.
 You were stealthy.
 You were very fast.
 You are dead.

Miscellaneous:
 You didn't encounter any bones levels.
 Total elapsed playing time was 10 minutes and 38 seconds.

Major events:
 Turn
    1: ArrBianca the lawful human Valkyrie entered the dungeon
 1207: attained the rank of Skirmisher (level 3)
 1675: killed by a black naga hatchling

Spells:
 Name                 Level Category     Fail Retention
 healing                1   healing       48%  76%-100%

Skills:
 Fighting Skills
   bare handed combat [Unskilled]
   two weapon combat  [Unskilled]
   riding             [Unskilled]
 Weapon Skills
   dagger             [Basic]
   axe                [Unskilled]
   pick-axe           [Unskilled]
   short sword        [Unskilled]
   broadsword         [Unskilled]
   long sword         [Unskilled]
   two-handed sword   [Unskilled]
   saber              [Unskilled]
   hammer             [Unskilled]
   quarterstaff       [Unskilled]
   polearms           [Unskilled]
   spear              [Basic]
   trident            [Unskilled]
   lance              [Unskilled]
   sling              [Unskilled]
 Spellcasting Skills
   attack spells      [Unskilled]
   escape spells      [Unskilled]

Voluntary challenges:
 Character rerolling was not enabled.
 You never had a pet.
 You never genocided any monsters.
 You never polymorphed an object.
 You never changed form.
 You used no wishes.
Achievements:
 You entered a shop.
 You attained the rank of Skirmisher.

 The Dungeons of Doom: levels 1 to 5
    Level 1:
       A fountain.
    Level 2:
       An armor shop, a sink.
    Level 3:
       Some fountains, a sink.
    Level 4:
       Some fountains.
    Level 5: <- You were here.
       Final resting place for
          you, killed by a black naga hatchling.


Vanquished creatures:
  a fog cloud
  2 giant ants
  a homunculus
  2 rothes
  2 iguanas
  a gas spore
  4 manes
  a yellow mold
  3 geckos
  7 jackals
  2 goblins
  2 grid bugs
  2 lichens
  6 newts
36 creatures vanquished.

No species were genocided or became extinct.

Game over:
                       ----------
                      /          \
                     /    REST    \
                    /      IN      \
                   /     PEACE      \
                  /                  \
                  |    ArrBianca     |
                  |      41 Au       |
                  |   killed by a    |
                  |    black naga    |
                  |    hatchling     |
                  |                  |
                  |       2026       |
                 *|     *  *  *      | *
        _________)/\\_//(\/(/\)/\//\/|_)_______

Farvel ArrBianca the Valkyrie...

You died in The Dungeons of Doom on dungeon level 5 with 749 points,
and 41 pieces of gold, after 1675 moves.
You were level 4 with a maximum of 42 hit points when you died.

